[Event "VII Lorca Open 2018"]
[Site "Lorca"]
[Date "2018.12.26"]
[Round "1"]
[White "Vazquez Igarza, Renier"]
[Black "Garrido Outon, Alex"]
[Result "1-0"]
[ECO "E94"]
[WhiteElo "2570"]
[BlackElo "2097"]
[Annotator "ChessBase"]
[PlyCount "96"]
[EventDate "2018.12.26"]
[EventType "swiss"]
[EventCountry "ESP"]
[SourceTitle "playchess.com"]
[Source "ChessBase"]
[SourceQuality "1"]
[TimeControl "5400+30"]

1. d4 Nf6 2. c4 g6 3. Nc3 Bg7 4. e4 d6 5. Nf3 O-O 6. Be2 e5 7. Be3 Na6 8. O-O Ng4 9. Bg5 Qe8 10. dxe5 dxe5 11. Qc1 h6 12. Bd2 Kh7 13. h3 Nf6 14. Be3 Qe7 15. Nd5 Qd8 16. Nxf6+ Qxf6 17. c5 Nb4 18. Rd1 Qe7 19. c6 Nxc6 20. Bc5 Qf6 21. Bxf8 Bxf8 22. Bb5 Bd6 23. Bxc6 bxc6 24. Qxc6 Rb8 25. Qc3 g5 26. Rxd6 cxd6 27. Qc7 Ra8 28. Nh2 Be6 29. Qxd6 Rd8 30. Qc5 Qf4 31. Nf3 Qxe4 32. Qxa7 g4 33. Re1 Qf4 34. hxg4 e4 35. Nd4 Bd5 36. Nf5 Rg8 37. Qd4 Bxa2 38. Rxe4 Qc1+ 39. Kh2 Be6 40. Qe3 Qc7+ 41. Qf4 Qxf4+ 42. Rxf4 Rb8 43. b4 Bxf5 44. gxf5 h5 45. Kg3 Kh6 46. Kf3 Kg5 47. g3 f6 48. Ke3 Re8+ {[%emt 0:00:48] Ke4 [%clk 0:00:00]} 1-0

[Event "VII Lorca Open 2018"]
[Site "Lorca"]
[Date "2018.12.26"]
[Round "1"]
[White "Gascon Del Nogal, Jose Rafael"]
[Black "Fernandez Garcia, Gumersindo"]
[Result "1-0"]
[ECO "B20"]
[WhiteElo "2484"]
[BlackElo "2049"]
[Annotator "RC"]
[PlyCount "65"]
[EventDate "2018.12.26"]
[EventType "swiss"]
[EventCountry "ESP"]
[SourceTitle "playchess.com"]
[Source "ChessBase"]
[SourceQuality "1"]
[TimeControl "5400+30"]

1. e4 c5 2. Ne2 d6 3. g3 g6 4. Bg2 Bg7 5. c3 Nc6 6. d4 cxd4 7. cxd4 e5 8. d5 Nd4 9. Nxd4 exd4 10. O-O Ne7 11. Nd2 O-O 12. Nb3 Qb6 13. Bg5 Re8 14. Qd2 Bd7 15. h4 a5 16. Rfd1 Ba4 17. Bh3 Nc8 18. Rac1 Na7 19. Re1 Bxb3 20. axb3 Qxb3 21. Bd7 Reb8 22. h5 a4 23. Rc7 Qb6 24. Rc4 d3 25. h6 Bxb2 26. Rb4 Qxb4 27. Qxb4 a3 28. Qxd6 Nc8 29. Qf4 a2 30. e5 d2 31. Qf6 dxe1=Q+ 32. Kg2 Qe4+ 33. Kh2 1-0

[Event "VII Lorca Open 2018"]
[Site "Lorca"]
[Date "2018.12.26"]
[Round "1"]
[White "Franco Ocampos, Zenon"]
[Black "Sobrino Forte, Alvaro"]
[Result "1-0"]
[ECO "A13"]
[WhiteElo "2477"]
[BlackElo "2040"]
[Annotator "RC"]
[PlyCount "135"]
[EventDate "2018.12.26"]
[EventType "swiss"]
[EventCountry "ESP"]
[SourceTitle "playchess.com"]
[Source "ChessBase"]
[SourceQuality "1"]
[TimeControl "5400+30"]

1. c4 Nf6 2. Nc3 e6 3. Nf3 d5 4. e3 c5 5. d4 Nc6 6. cxd5 exd5 7. Be2 Be7 8. O-O O-O 9. b3 Bg4 10. Bb2 Qd7 11. Rc1 cxd4 12. Nxd4 Bxe2 13. Ncxe2 Ne4 14. Nxc6 bxc6 15. Qc2 Rac8 16. Rfd1 Rfd8 17. Nf4 Qf5 18. f3 Nd6 19. Bd4 Qxc2 20. Rxc2 Nb5 21. Bc5 Bg5 22. Ne2 a6 23. Kf2 Re8 24. Rd3 Bf6 25. a4 Nc7 26. Bd4 Ne6 27. Bxf6 gxf6 28. Nd4 Nxd4 29. Rxd4 Kf8 30. Rh4 c5 31. Rxh7 Ke7 32. Rh4 a5 33. Rh5 Kd6 34. Rf5 Ke6 35. e4 Red8 36. Ke2 Rd6 37. Rxd5 Rxd5 38. exd5+ Kxd5 39. Rd2+ Ke6 40. Kd3 Rd8+ 41. Kc3 Rb8 42. Rd3 Rb4 43. Rd8 c4 44. bxc4 Rxa4 45. c5 Ra1 46. Rd2 Rc1+ 47. Rc2 Rd1 48. c6 Rd5 49. c7 Kd7 50. Rd2 Rxd2 51. Kxd2 Kxc7 52. h4 Kd7 53. Kc3 f5 54. f4 Ke6 55. Kb3 Kf6 56. Ka4 Kg6 57. Kxa5 Kh5 58. g3 Kg4 59. Kb6 Kxg3 60. h5 Kxf4 61. h6 Kg3 62. h7 f4 63. h8=Q f3 64. Qg7+ Kf2 65. Qxf7 Ke3 66. Qc4 Kf2 67. Qe4 Kg3 68. Kc5 1-0

[Event "VII Lorca Open 2018"]
[Site "Lorca"]
[Date "2018.12.26"]
[Round "1"]
[White "Alshameary Puente, Ismael"]
[Black "Perez Guerra, Raul"]
[Result "0-1"]
[ECO "D07"]
[WhiteElo "2444"]
[BlackElo "2021"]
[Annotator "RC"]
[PlyCount "92"]
[EventDate "2018.12.26"]
[EventType "swiss"]
[EventCountry "ESP"]
[SourceTitle "playchess.com"]
[Source "ChessBase"]
[SourceQuality "1"]
[TimeControl "5400+30"]

1. d4 d5 2. c4 Nc6 3. Nf3 Bg4 4. Nc3 e6 5. cxd5 exd5 6. Qb3 Bxf3 7. exf3 Nxd4 8. Qa4+ Nc6 9. Ba6 Qe7+ 10. Kd1 Qb4 11. Qxb4 Nxb4 12. Bxb7 Rb8 13. a3 Rxb7 14. axb4 d4 15. Ne2 Bxb4 16. Nxd4 Bc5 17. Re1+ Kd7 18. Ra5 Bd6 19. Nf5 Ne7 20. Re4 Nxf5 21. Rxf5 f6 22. Rg4 Ke6 23. Ra5 g6 24. h4 Be5 25. Kc2 Rhb8 26. Ra2 c5 27. h5 gxh5 28. Rh4 Rg7 29. g3 Bd4 30. Rh2 h4 31. g4 Kd5 32. Be3 Re8 33. Kd3 Rb7 34. Bxd4 c4+ 35. Kd2 Kxd4 36. Rxh4 Rxb2+ 37. Rxb2 c3+ 38. Kc2 Re2+ 39. Kb1 cxb2 40. Rxh7 a5 41. Rb7 Kc3 42. Ka2 Rxf2 43. Rb6 a4 44. Rxf6 a3 45. Rc6+ Kd2 46. Rd6+ Kc1 0-1

[Event "VII Lorca Open 2018"]
[Site "Lorca"]
[Date "2018.12.26"]
[Round "1"]
[White "Tejedor Fuente, Enrique"]
[Black "Diaz Rodriguez, Jose Antonio"]
[Result "1-0"]
[ECO "B06"]
[WhiteElo "2428"]
[BlackElo "2014"]
[Annotator "RC"]
[PlyCount "61"]
[EventDate "2018.12.26"]
[EventType "swiss"]
[EventCountry "ESP"]
[SourceTitle "playchess.com"]
[Source "ChessBase"]
[SourceQuality "1"]
[TimeControl "5400+30"]

1. e4 g6 2. d4 Bg7 3. Nc3 d6 4. Be3 c6 5. Qd2 Nd7 6. f4 Ngf6 7. Nf3 O-O 8. e5 Ne8 9. Bc4 Nc7 10. O-O b5 11. Bb3 Nb6 12. Bf2 Be6 13. Bxe6 Nxe6 14. Rae1 Nc4 15. Qc1 Qa5 16. Bh4 Rfe8 17. Ne4 Qb6 18. Bf2 Qc7 19. Bg3 Rad8 20. c3 Qd7 21. b3 Nb6 22. exd6 exd6 23. f5 Nf8 24. Nxd6 Rxe1 25. Rxe1 gxf5 26. Nh4 f4 27. Qxf4 Ne6 28. Qg4 h5 29. Qxh5 Nd5 30. Nhf5 Nxc3 31. Qg4 1-0

[Event "VII Lorca Open 2018"]
[Site "Lorca"]
[Date "2018.12.26"]
[Round "1"]
[White "Domingo Nunez, Alejandro"]
[Black "Bosch Jorda, Ricard"]
[Result "*"]
[ECO "B17"]
[WhiteElo "2404"]
[BlackElo "1967"]
[Annotator "RC"]
[PlyCount "37"]
[EventDate "2018.12.26"]
[EventType "swiss"]
[EventCountry "ESP"]
[SourceTitle "playchess.com"]
[Source "ChessBase"]
[SourceQuality "1"]
[TimeControl "5400+30"]

1. e4 c6 2. Nf3 d5 3. Nc3 dxe4 4. Nxe4 Nd7 5. d4 Ndf6 6. Ng3 e6 7. Bd3 Bd6 8. Qe2 h6 9. Nf5 Kf8 10. Nxd6 Qxd6 11. c3 Ne7 12. O-O b6 13. Ne5 Bb7 14. Bf4 Qd8 15. Rad1 g6 16. Rfe1 Ned5 17. Bg3 Kg7 18. c4 Ne7 19. Nxf7 *

[Event "VII Lorca Open 2018"]
[Site "Lorca"]
[Date "2018.12.26"]
[Round "1"]
[White "Diaz Mino, Pablo"]
[Black "Svetushkin, Dmitry"]
[Result "0-1"]
[ECO "E00"]
[WhiteElo "2101"]
[BlackElo "2592"]
[Annotator "RC"]
[PlyCount "79"]
[EventDate "2018.12.26"]
[EventType "swiss"]
[EventCountry "ESP"]
[SourceTitle "playchess.com"]
[Source "ChessBase"]
[SourceQuality "1"]
[TimeControl "5400+30"]

1. d4 Nf6 2. c4 e6 3. g3 Bb4+ 4. Bd2 a5 5. Bg2 d6 6. a3 Bxd2+ 7. Qxd2 O-O 8. Nf3 Nbd7 9. O-O e5 10. e3 Re8 11. Nc3 c6 12. Rfd1 e4 13. Ng5 d5 14. cxd5 cxd5 15. Nh3 Nb6 16. b3 Bg4 17. Rdc1 Qd7 18. Nf4 g5 19. Nfe2 h5 20. a4 Re6 21. Nb5 Rc6 22. Nec3 Kg7 23. Rf1 Bf3 24. h3 h4 25. Kh2 hxg3+ 26. fxg3 Rh8 27. Rae1 Rcc8 28. Kg1 Bxg2 29. Qxg2 Rxh3 30. Nd6 Rch8 31. Nf5+ Kg6 32. Nb5 Nc8 33. Rc1 Ne7 34. Nxe7+ Qxe7 35. Rc7 Qe6 36. Rxb7 Rh1+ 37. Qxh1 Rxh1+ 38. Kxh1 Qh3+ 39. Kg1 Qxg3+ 40. Kh1 0-1

[Event "VII Lorca Open 2018"]
[Site "Lorca"]
[Date "2018.12.26"]
[Round "1"]
[White "Tubio Agrasar, Pablo"]
[Black "Ibarra Jerez, Jose Carlos"]
[Result "0-1"]
[ECO "B56"]
[WhiteElo "2088"]
[BlackElo "2558"]
[Annotator "RC"]
[PlyCount "52"]
[EventDate "2018.12.26"]
[EventType "swiss"]
[EventCountry "ESP"]
[SourceTitle "playchess.com"]
[Source "ChessBase"]
[SourceQuality "1"]
[TimeControl "5400+30"]

1. e4 c5 2. Nc3 a6 3. Nf3 d6 4. d4 cxd4 5. Nxd4 Nf6 6. Be3 Ng4 7. Bc1 Nf6 8. Be3 Ng4 9. Bc1 Nc6 10. Nb3 Nf6 11. Be2 g6 12. Be3 Bg7 13. h4 h5 14. Qd2 b5 15. f3 b4 16. Nd5 Nxd5 17. Qxd5 Qc7 18. Na5 Bxb2 19. Rb1 Bc3+ 20. Bd2 Nd4 21. Bc4 Nxc2+ 22. Kd1 Na3 23. Qxf7+ Kd8 24. Bg5 Re8 25. Bd5 Qxa5 26. Bxa8 Nxb1 0-1

[Event "VII Lorca Open 2018"]
[Site "Lorca"]
[Date "2018.12.26"]
[Round "1"]
[White "Cuellar Montes, Alejandro"]
[Black "Nasuta, Grzegorz"]
[Result "0-1"]
[ECO "D31"]
[WhiteElo "2064"]
[BlackElo "2530"]
[Annotator "ChessBase"]
[PlyCount "120"]
[EventDate "2018.12.26"]
[EventType "swiss"]
[EventCountry "ESP"]
[SourceTitle "playchess.com"]
[Source "ChessBase"]
[SourceQuality "1"]
[TimeControl "5400+30"]

1. d4 d5 2. c4 e6 3. Nc3 c6 4. Nf3 dxc4 5. a4 Bb4 6. e3 b5 7. Bd2 a5 8. axb5 Bxc3 9. Bxc3 cxb5 10. b3 Bb7 11. bxc4 b4 12. Bb2 Nf6 13. c5 O-O 14. Bb5 Nc6 15. O-O Qd5 16. Qe2 Ne7 17. Bc4 Qh5 18. Nd2 Qxe2 19. Bxe2 a4 20. Rfb1 Rfb8 21. Bf3 Bxf3 22. gxf3 a3 23. Bc1 e5 24. dxe5 Nd7 25. Nc4 Nxc5 26. Nxa3 bxa3 27. Rxb8+ Rxb8 28. Bxa3 Nb3 29. Rd1 Ng6 30. f4 Nh4 31. h3 h6 32. Kf1 Ra8 33. Be7 Nf5 34. Bb4 Ra4 35. Bc3 Nc5 36. Rd5 Rc4 37. Bd2 Ne6 38. f3 Rc2 39. Ke2 Ra2 40. Kd3 Nh4 41. Bc3 Rh2 42. Ke4 Rxh3 43. Rd1 Nxf3 44. f5 Nfg5+ 45. Kd5 Rxe3 46. fxe6 Nxe6 47. Bd2 Rd3+ 48. Kc4 Nf4 49. Rf1 Rxd2 50. Rxf4 g5 51. Rf6 Kg7 52. Kc5 Rd7 53. Rd6 Ra7 54. Kd4 Ra4+ 55. Kd5 Rf4 56. Rd7 Kg6 57. Rd6+ Kh5 58. Kc6 g4 59. Kd7 Rf5 60. Rd5 f6 0-1

[Event "VII Lorca Open 2018"]
[Site "Lorca"]
[Date "2018.12.26"]
[Round "1"]
[White "Bjerre, Tavs"]
[Black "Nayhebaver, Martin"]
[Result "0-1"]
[ECO "E53"]
[WhiteElo "2039"]
[BlackElo "2460"]
[Annotator "RC"]
[PlyCount "58"]
[EventDate "2018.12.26"]
[EventType "swiss"]
[EventCountry "ESP"]
[SourceTitle "playchess.com"]
[Source "ChessBase"]
[SourceQuality "1"]
[TimeControl "5400+30"]

1. d4 Nf6 2. c4 e6 3. Nc3 Bb4 4. e3 O-O 5. Bd3 c5 6. Nf3 d5 7. O-O b6 8. Ne5 dxc4 9. Bxc4 Ba6 10. Qf3 Bxc4 11. Nxc4 Nbd7 12. Ne2 b5 13. Nd2 Rc8 14. a3 Bxd2 15. Bxd2 cxd4 16. Nxd4 Qb6 17. Qe2 e5 18. Nf5 Qe6 19. e4 Rc2 20. f3 Rxb2 21. Rab1 Rxb1 22. Rxb1 g6 23. Nh6+ Kg7 24. Qxb5 Rc8 25. Qd3 Qa2 26. Rc1 Rb8 27. Rc2 Qb1+ 28. Kf2 Rb2 29. Rc3 Qd1 0-1

[Event "VII Lorca Open 2018"]
[Site "Lorca"]
[Date "2018.12.26"]
[Round "1"]
[White "Donado-Mazarron Gomez, Miguel"]
[Black "Gomez Ledo, Roberto Carlos"]
[Result "0-1"]
[ECO "D41"]
[WhiteElo "2024"]
[BlackElo "2448"]
[Annotator "RC"]
[PlyCount "54"]
[EventDate "2018.12.26"]
[EventType "swiss"]
[EventCountry "ESP"]
[SourceTitle "playchess.com"]
[Source "ChessBase"]
[SourceQuality "1"]
[TimeControl "5400+30"]

1. d4 d5 2. c4 e6 3. Nc3 Nf6 4. cxd5 Nxd5 5. e4 Nxc3 6. bxc3 c5 7. Nf3 cxd4 8. cxd4 Bb4+ 9. Bd2 Bxd2+ 10. Qxd2 O-O 11. Bc4 b6 12. O-O Bb7 13. Rfe1 Nd7 14. a4 Rb8 15. a5 b5 16. Bxb5 Bxe4 17. Bxd7 Bxf3 18. Bxe6 fxe6 19. gxf3 Rf6 20. Re4 Qd5 21. Qe2 Rbf8 22. Re5 Qxd4 23. Rd1 Qh4 24. Rxe6 Rxf3 25. Qe5 Qg4+ 26. Kh1 Rxf2 27. Qd5 Rf1+ 0-1

[Event "VII Lorca Open 2018"]
[Site "Lorca"]
[Date "2018.12.26"]
[Round "1"]
[White "Cebrian Flores, Juan Antonio"]
[Black "Morozov, Nichita"]
[Result "0-1"]
[ECO "A17"]
[WhiteElo "2015"]
[BlackElo "2439"]
[Annotator "RC"]
[PlyCount "101"]
[EventDate "2018.12.26"]
[EventType "swiss"]
[EventCountry "ESP"]
[SourceTitle "playchess.com"]
[Source "ChessBase"]
[SourceQuality "1"]
[TimeControl "5400+30"]

1. Nf3 Nf6 2. c4 b6 3. g3 Bb7 4. Bg2 e6 5. O-O Be7 6. Nc3 O-O 7. Re1 Ne4 8. Nxe4 Bxe4 9. d3 Bb7 10. e4 c5 11. d4 cxd4 12. Nxd4 d6 13. b3 a6 14. Bb2 Nd7 15. h4 Qc7 16. Rc1 Rfd8 17. Qc2 Rac8 18. Qe2 Bf6 19. h5 h6 20. Kh1 Qb8 21. f4 Qa8 22. Ba1 Bxd4 23. Bxd4 e5 24. Ba1 Re8 25. f5 Nf6 26. Rcd1 Red8 27. Bc3 b5 28. Bb4 bxc4 29. bxc4 Qb8 30. Ba5 Rd7 31. Rb1 Qa7 32. Bb6 Qa8 33. Ba5 Rc6 34. Bf3 Qa7 35. Rbc1 Qc5 36. Qd2 Rc8 37. Bb4 Qb6 38. Ba5 Qc6 39. Kh2 Nh7 40. Bg2 Qa4 41. Bb4 g6 42. Bf3 a5 43. Bxa5 Rxc4 44. Rxc4 Qxc4 45. Qb4 Qc2+ 46. Qd2 Qc8 47. Qd3 Qa8 48. Qb5 Bc6 49. Qb4 Ra7 50. Bb6 Rxa2+ 51. Kh3 0-1

[Event "VII Lorca Open 2018"]
[Site "Lorca"]
[Date "2018.12.26"]
[Round "1"]
[White "Garcia De Blas, Esteban"]
[Black "Solozhenkin, Evgeniy"]
[Result "1-0"]
[ECO "E15"]
[WhiteElo "2000"]
[BlackElo "2427"]
[Annotator "ChessBase"]
[PlyCount "72"]
[EventDate "2018.12.26"]
[EventType "swiss"]
[EventCountry "ESP"]
[SourceTitle "playchess.com"]
[Source "ChessBase"]
[SourceQuality "1"]
[TimeControl "5400+30"]

1. d4 Nf6 2. c4 e6 3. Nf3 b6 4. g3 Ba6 5. b3 Be7 6. Bg2 d5 7. cxd5 exd5 8. O-O O-O 9. Re1 Bb7 10. Nbd2 Na6 11. a3 c5 12. Bb2 Nc7 13. e3 Ne6 14. Ne5 a5 15. a4 Re8 16. Rc1 h6 17. h3 Rc8 18. f4 cxd4 19. exd4 Bb4 20. Nd3 Qd6 21. Rxc8 Rxc8 22. Nxb4 Qxb4 23. Nf3 Ne4 24. f5 Nf8 25. Kh2 Bc6 26. Ba1 Bd7 27. g4 Qd6+ 28. Ne5 f6 29. Bxe4 dxe4 30. Rxe4 fxe5 31. Rxe5 Bc6 32. Kg1 Nd7 33. Re3 Qd5 34. Qf1 Qh1+ 35. Kf2 Qh2+ 36. Ke1 Bb5 1-0

[Event "VII Lorca Open 2018"]
[Site "Lorca"]
[Date "2018.12.26"]
[Round "1"]
[White "Borondo Garcia, Raul"]
[Black "Low, Zhen Yu Cyrus"]
[Result "0-1"]
[ECO "D00"]
[WhiteElo "1914"]
[BlackElo "2384"]
[Annotator "NA"]
[PlyCount "84"]
[EventDate "2018.12.26"]
[EventType "swiss"]
[EventCountry "ESP"]
[SourceTitle "playchess.com"]
[Source "ChessBase"]
[SourceQuality "1"]
[TimeControl "5400+30"]

1. d4 Nf6 2. Bg5 d5 3. Bxf6 exf6 4. g3 Bd6 5. Bg2 c6 6. e3 Nd7 7. Ne2 f5 8. O-O Nf6 9. b3 O-O 10. c3 Qe7 11. Qc2 Bd7 12. c4 dxc4 13. bxc4 Rae8 14. Nd2 g6 15. a4 h5 16. h4 Ne4 17. a5 Bb8 18. Nf3 f6 19. Nf4 Kg7 20. Rab1 Bc8 21. d5 c5 22. Rfd1 Kh6 23. Re1 Bd6 24. Ra1 g5 25. Nd3 Qc7 26. Re2 Rg8 27. hxg5+ fxg5 28. Nd2 h4 29. g4 Nxd2 30. Qxd2 fxg4 31. e4 g3 32. fxg3 Bxg3 33. Rf1 h3 34. Rf6+ Rg6 35. d6 Bxd6 36. Rxg6+ Kxg6 37. e5 Bxe5 38. Be4+ Kh6 39. Nxe5 Qxe5 40. Kh1 Qd4 41. Qe1 Bg4 42. Re3 Rxe4 0-1

[Event "VII Lorca Open 2018"]
[Site "Lorca"]
[Date "2018.12.27"]
[Round "2"]
[White "Svetushkin, Dmitry"]
[Black "Gines Esteo, Pedro Antonio"]
[Result "1-0"]
[ECO "B12"]
[WhiteElo "2592"]
[BlackElo "2339"]
[Annotator "ChessBase"]
[PlyCount "135"]
[EventDate "2018.12.26"]
[EventType "swiss"]
[EventCountry "ESP"]
[SourceTitle "playchess.com"]
[Source "ChessBase"]
[SourceQuality "1"]
[TimeControl "5400+30"]

1. e4 c6 2. d4 d5 3. e5 Bf5 4. c4 e6 5. Nc3 Ne7 6. a3 dxc4 7. Bxc4 Nd7 8. Nge2 Nb6 9. Bb3 Bg6 10. h4 h6 11. Nf4 Bh7 12. Qh5 g6 13. Qg4 Qxd4 14. Be3 Qxe5 15. O-O-O Nf5 16. Bxb6 Bxa3 17. Qf3 axb6 18. Rhe1 Nd4 19. Rxe5 Nxf3 20. gxf3 Be7 21. Ng2 g5 22. h5 Bc5 23. Re2 Ke7 24. Bc2 Ra1+ 25. Nb1 Bb4 26. Bxh7 Rxh7 27. Ne3 Ra5 28. Nd2 Ra1+ 29. Nb1 Ra5 30. Kc2 f5 31. Nc4 Rd5 32. Nxb6 Rxd1 33. Kxd1 Kf6 34. Nc3 Bc5 35. Nca4 Bd4 36. b4 e5 37. Nc5 g4 38. Nbd7+ Kg5 39. Ne6+ Kh4 40. Nxe5 Bxe5 41. Rxe5 gxf3 42. Kd2 Rh8 43. Rxf5 Kg4 44. Rf4+ Kxh5 45. Ke3 Ra8 46. Kxf3 Kg6 47. Nc5 b6 48. Nd7 c5 49. Nxb6 Ra3+ 50. Kg2 cxb4 51. Rxb4 Kg5 52. Nd5 Rd3 53. Ne3 Ra3 54. Kg3 Kg6 55. Rb5 Ra4 56. f4 Ra3 57. Re5 Kf6 58. Kg4 Ra1 59. Nd5+ Kg7 60. Re7+ Kf8 61. Rd7 Ra6 62. Kf5 h5 63. Nf6 Ra1 64. Ne4 h4 65. Ng5 Kg8 66. Kg4 Rf1 67. f5 Kf8 68. f6 1-0

[Event "VII Lorca Open 2018"]
[Site "Lorca"]
[Date "2018.12.27"]
[Round "2"]
[White "Ibarra Jerez, Jose Carlos"]
[Black "Espineira Gonzalez, Diego"]
[Result "1-0"]
[ECO "C05"]
[WhiteElo "2558"]
[BlackElo "2299"]
[Annotator "ChessBase"]
[PlyCount "106"]
[EventDate "2018.12.26"]
[EventType "swiss"]
[EventCountry "ESP"]
[SourceTitle "playchess.com"]
[Source "ChessBase"]
[SourceQuality "1"]
[TimeControl "5400+30"]

1. e4 e6 2. d4 d5 3. Nd2 Nf6 4. e5 Nfd7 5. f4 c5 6. Ngf3 Nc6 7. Nb3 c4 8. Nbd2 b5 9. Be2 Qb6 10. Nf1 f6 11. Ne3 fxe5 12. fxe5 Be7 13. c3 b4 14. O-O O-O 15. Qe1 bxc3 16. bxc3 Qa5 17. Bd1 Rf7 18. Bc2 Nf8 19. Ng4 Rb8 20. h4 h5 21. Nf2 Rxf3 22. gxf3 Bxh4 23. Kg2 Bd7 24. Rh1 Be7 25. Nh3 Be8 26. Nf4 Ba3 27. Rb1 Bxc1 28. Rxb8 Nxb8 29. Qxc1 Qxa2 30. Kg3 Nc6 31. Nxh5 Bxh5 32. Rxh5 Ne7 33. Rh2 Qa5 34. Qg5 Kf7 35. Qf4+ Kg8 36. Qh4 Kf7 37. Qf4+ Kg8 38. Qd2 Kf7 39. Rh1 Nfg6 40. Rg1 Qd8 41. Kf2 Qa5 42. Rg4 Qa1 43. Rg1 Qa5 44. Rb1 Qa6 45. Qc1 Qc8 46. Qg5 Qa6 47. Ke3 Qa3 48. Bxg6+ Nxg6 49. Rb7+ Ne7 50. Qh5+ g6 51. Qh7+ Ke8 52. Qh8+ Kf7 53. Qf6+ Ke8 1-0

[Event "VII Lorca Open 2018"]
[Site "Lorca"]
[Date "2018.12.27"]
[Round "2"]
[White "Nasuta, Grzegorz"]
[Black "Roig Aguilar, Alejandro"]
[Result "1-0"]
[ECO "B90"]
[WhiteElo "2530"]
[BlackElo "2283"]
[Annotator "ChessBase"]
[PlyCount "39"]
[EventDate "2018.12.26"]
[EventType "swiss"]
[EventCountry "ESP"]
[SourceTitle "playchess.com"]
[Source "ChessBase"]
[SourceQuality "1"]
[TimeControl "5400+30"]

1. e4 c5 2. Nf3 d6 3. d4 Nf6 4. Nc3 cxd4 5. Nxd4 a6 6. h3 e5 7. Nb3 Be6 8. Be3 Be7 9. Qf3 Nbd7 10. O-O-O Rc8 11. g4 g6 12. g5 Nh5 13. h4 Rxc3 14. bxc3 Qc7 15. Bh3 Qxc3 16. Bxe6 fxe6 17. Rd3 Qc4 18. Kb2 d5 19. exd5 e4 20. Qg4 1-0

[Event "VII Lorca Open 2018"]
[Site "Lorca"]
[Date "2018.12.27"]
[Round "2"]
[White "Pap, Misa"]
[Black "Terbe, Julianna"]
[Result "1-0"]
[ECO "B22"]
[WhiteElo "2480"]
[BlackElo "2272"]
[Annotator "ChessBase"]
[PlyCount "123"]
[EventDate "2018.12.26"]
[EventType "swiss"]
[EventCountry "ESP"]
[SourceTitle "playchess.com"]
[Source "ChessBase"]
[SourceQuality "1"]
[TimeControl "5400+30"]

1. e4 c5 2. Nf3 Nc6 3. c3 d5 4. exd5 Qxd5 5. d4 Bg4 6. Be2 cxd4 7. cxd4 e6 8. Nc3 Qa5 9. h3 Bxf3 10. Bxf3 Bb4 11. O-O Nge7 12. Bd2 O-O 13. a3 Bd6 14. d5 exd5 15. Nxd5 Qd8 16. Nxe7+ Qxe7 17. Re1 Qf6 18. Bc3 Be5 19. Bxe5 Nxe5 20. Bxb7 Rad8 21. Qc2 Nd3 22. Re2 Nf4 23. Re3 Rb8 24. Qe4 Qxb2 25. Rb1 Qa2 26. Rb5 Ne6 27. Qa4 Qa1+ 28. Kh2 Nd4 29. Rb4 Nf5 30. Re2 Nd6 31. Bd5 Rxb4 32. Qxb4 Qf6 33. Qc5 Re8 34. Rxe8+ Nxe8 35. Qc8 Kf8 36. Qc5+ Qe7 37. Qa5 Qc7+ 38. Qxc7 Nxc7 39. Bc4 Ke7 40. Kg3 Ne6 41. Kf3 Nc5 42. Ke3 f6 43. Kd4 Kd6 44. Bg8 h6 45. h4 Nd7 46. Bh7 Ne5 47. Bf5 Nc6+ 48. Kc4 Nb8 49. h5 Nc6 50. Be4 Nb8 51. f4 Nd7 52. Kb5 Kc7 53. Bf5 Nb8 54. Kc5 Nc6 55. Kd5 Nd8 56. Bg4 a5 57. Kc5 Nc6 58. Bf3 Nd8 59. Bd5 a4 60. g3 f5 61. Bc4 Nc6 62. Bb5 1-0

[Event "VII Lorca Open 2018"]
[Site "Lorca"]
[Date "2018.12.27"]
[Round "2"]
[White "Nayhebaver, Martin"]
[Black "Kovacevic, Slobodan"]
[Result "1-0"]
[ECO "B42"]
[WhiteElo "2460"]
[BlackElo "2245"]
[Annotator "ChessBase"]
[PlyCount "71"]
[EventDate "2018.12.26"]
[EventType "swiss"]
[EventCountry "ESP"]
[SourceTitle "playchess.com"]
[Source "ChessBase"]
[SourceQuality "1"]
[TimeControl "5400+30"]

1. e4 c5 2. Nf3 e6 3. d4 cxd4 4. Nxd4 a6 5. Bd3 Nf6 6. O-O d6 7. c4 b6 8. Nc3 Bb7 9. f4 Nc6 10. Be3 Be7 11. Nc2 O-O 12. Rc1 Rc8 13. Qe2 Nd7 14. b4 Ncb8 15. a3 b5 16. Nd4 bxc4 17. Bxc4 Nf6 18. Bd3 g6 19. Nb3 Qd7 20. Rfd1 Qe8 21. Na5 Ba8 22. h3 Nh5 23. e5 d5 24. Bxa6 Ng3 25. Qe1 Nxa6 26. Qxg3 Nxb4 27. axb4 Bxb4 28. Bb6 Rxc3 29. Rxc3 Qb5 30. Bd4 Qxa5 31. Rc2 Be7 32. Ra1 Qb5 33. f5 Qb4 34. Rd1 exf5 35. e6 Bd6 36. exf7+ 1-0

[Event "VII Lorca Open 2018"]
[Site "Lorca"]
[Date "2018.12.27"]
[Round "2"]
[White "Gomez Ledo, Roberto Carlos"]
[Black "Sreeshwan Maralakshikari"]
[Result "1/2-1/2"]
[ECO "D00"]
[WhiteElo "2448"]
[BlackElo "2244"]
[Annotator "NA"]
[PlyCount "153"]
[EventDate "2018.12.26"]
[EventType "swiss"]
[EventCountry "ESP"]
[SourceTitle "playchess.com"]
[Source "ChessBase"]
[SourceQuality "1"]
[TimeControl "5400+30"]

1. d4 d5 2. Bf4 Nf6 3. e3 c5 4. c3 Nc6 5. Nd2 Bf5 6. Ngf3 Qb6 7. Nh4 Bd7 8. Qb3 Qxb3 9. axb3 Nh5 10. Bc7 Rc8 11. Bg3 Nxg3 12. hxg3 b6 13. Bb5 Rc7 14. O-O e6 15. Nhf3 Bd6 16. dxc5 bxc5 17. Ra2 Ke7 18. Rfa1 Ra8 19. e4 Rb7 20. Ba4 h6 21. Re1 Kf8 22. Rd1 Ke7 23. exd5 exd5 24. Nf1 d4 25. N1d2 Kf8 26. Nc4 Be7 27. cxd4 cxd4 28. Nxd4 Nxd4 29. Rxd4 Bxa4 30. Rxa4 Rxb3 31. Rd7 Rb4 32. Rxb4 Bxb4 33. Ne5 Be7 34. Nc6 Bc5 35. b4 Bb6 36. Rb7 f6 37. Kf1 Rc8 38. b5 Rc7 39. Rxc7 Bxc7 40. Nxa7 Kf7 41. g4 Ke6 42. Nc6 Bb6 43. Ke2 Kd6 44. f3 Kc5 45. Ne7 Kxb5 46. Nf5 g6 47. Ne7 h5 48. gxh5 gxh5 49. Kd3 Kc5 50. Ke4 Kc4 51. Ng8 Bd8 52. Kf5 Kd3 53. Nxf6 Ke2 54. Ne4 Kf1 55. g4 hxg4 56. fxg4 Bh4 57. Kg6 Kg2 58. Kh5 Bd8 59. Kg6 Kf3 60. Kf5 Be7 61. Ng5+ Kg3 62. Nf7 Kf3 63. Ne5+ Kg3 64. Nc6 Bh4 65. Nd4 Bd8 66. Ne2+ Kf3 67. Nf4 Kg3 68. Ne6 Be7 69. Ng5 Bd8 70. Ne6 Be7 71. Ng7 Bd8 72. Nh5+ Kf3 73. Nf4 Kg3 74. Nd5 Kf3 75. Nf6 Bxf6 76. Kxf6 Kxg4 77. Ke5 1/2-1/2

[Event "VII Lorca Open 2018"]
[Site "Lorca"]
[Date "2018.12.27"]
[Round "2"]
[White "Morozov, Nichita"]
[Black "Bharath Subramaniyam H"]
[Result "1-0"]
[ECO "E10"]
[WhiteElo "2439"]
[BlackElo "2234"]
[Annotator "NA"]
[PlyCount "80"]
[EventDate "2018.12.26"]
[EventType "swiss"]
[EventCountry "ESP"]
[SourceTitle "playchess.com"]
[Source "ChessBase"]
[SourceQuality "1"]
[TimeControl "5400+30"]

1. d4 Nf6 2. c4 e6 3. Nf3 c5 4. d5 exd5 5. cxd5 d6 6. e4 g6 7. Bd3 Bg7 8. O-O {[%emt 0:00:03] E10: Blumenfeld Gambit} O-O 9. h3 (9. Nbd2 Re8 10. Re1 Bg4 11. Rb1 Nbd7 12. Qc2 Rc8 13. b3 Bxf3 14. Nxf3 Ng4 15. h3 Nge5 16. Nxe5 Bxe5 17. Be3 {½-½ (54) Kuljasevic,D (2578)-Cheparinov,I (2700) Legnica 2013}) 9... a6 10. a4 Nbd7 11. Na3 Rb8 $146 ({Predecessor:} 11... Ne8 12. Nc4 Nb6 {1-0 (42) Stohl,I (2556)-Tolnai,T (2495) Hungary 2003}) 12. Bf4 Ne8 13. Rb1 Qe7 14. Re1 f6 15. Bf1 Ne5 16. b4 cxb4 17. Rxb4 f5 18. Nxe5 dxe5 19. Bd2 Nd6 20. exf5 Bxf5 21. Rb6 Ne4 22. Bb4 Qd8 $16 (22... Qh4 $11 {keeps the balance.} 23. Qe2 Rf7) 23. Nc4 Nxf2 $1 24. Qf3 Be4 25. Qe3 Rf4 26. Bd6 Rc8 27. Rxb7 Rf5 28. Nb6 Ra8 29. Bc5 Qh4 30. Be7 g5 31. Re2 Nh1 32. Nxa8 Bxd5 33. Rb4 e4 34. Re1 Nf2 35. Bc4 Nxh3+ 36. gxh3 Bxc4 37. Rxc4 Rf3 38. Qxf3 Qxe1+ 39. Qf1 Qg3+ 40. Kh1 Be5 1-0